 Dungeon Crawl Stone Soup version 0.21.1-1-g345015f (webtiles) character file.

8321 Harpaggios the Cleaver (level 11, 0/99 HPs)
             Began as a Hill Orc Fighter on June 10, 2018.
             Was a Priest of Beogh.
             Slain by a tengu reaver
             ... wielding a +0 great mace
              (1 damage)
             ... on level 10 of the Dungeon on June 11, 2018.
             The game lasted 01:45:26 (13475 turns).

Harpaggios the Cleaver (Hill Orc Fighter)          Turns: 13475, Time: 01:45:27

Health: 0/99       AC:  9    Str: 23    XL:     11   Next: 29%
Magic:  24/24      EV: 10    Int: 10    God:    Beogh [***...]
Gold:   253        SH:  8    Dex: 12    Spells: 15/16 levels left

rFire    + + .     SeeInvis .   t - +1 hand axe (elec)
rCold    + . .     Gourm    .   k - +2 buckler
rNeg     . . .     Faith    .   p - +1 scale mail {rF+}
rPois    .         Spirit   .   (no helmet)
rElec    .         Reflect  .   n - scarf {rC+ rF+}
rCorr    .         Harm     .   (no gloves)
MR       .....     Clarity  +   (no boots)
Stlth    ..........             (no amulet)
HPRegen  0.26/turn              r - +2 ring of dexterity
MPRegen  0.19/turn              m - ring of magical power

@: drained
A: clarity, mutation resistance 1, strong 1
a: Smiting, Renounce Religion


You were on level 10 of the Dungeon.
You worshipped Beogh.
Beogh was most pleased with you.
You were hungry.

You visited 1 branch of the dungeon, and saw 10 of its levels.

You collected 484 gold pieces.
You spent 231 gold pieces at shops.

Inventory:

Hand Weapons
 a - a +2 hand axe of chopping
 t - a +1 hand axe of electrocution (weapon)
 y - a +3 war axe
Armour
 c - a +1 shield
 k - a +2 buckler (worn)
 n - a scarf of resistance (worn)
 p - a +1 scale mail of fire resistance (worn)
 w - a +0 chain mail of fire resistance
Jewellery
 m - a ring of magical power (right hand)
 o - an uncursed ring of stealth
 r - a +2 ring of dexterity (left hand)
 u - an uncursed ring of flight
Wands
 q - a wand of iceblast (7)
 v - a wand of polymorph (13)
Scrolls
 b - a scroll of noise {unknown}
 e - 2 scrolls of identify
 g - 2 scrolls of remove curse
 h - 3 scrolls of enchant armour
 s - 2 scrolls of teleportation
 x - a scroll of fear
 z - a scroll of magic mapping
Potions
 d - a potion of might
 i - 2 potions of curing
 j - a potion of resistance
Books
 l - a Young Poisoner's Handbook

   Spells                             Type                      Level
   a - Sting                          Conjuration/Poison           1
   b - Poisonous Vapours              Poison/Air                   2
   c - Mephitic Cloud                 Conjuration/Poison/Air       3
   d - Olgreb's Toxic Radiance        Poison                       4
   e - Venom Bolt                     Conjuration/Poison           5
Comestibles
 f - 19 rations


   Skills:
 + Level 9.7(9.3) Fighting
 + Level 10.2(9.8) Axes
 + Level 8.8(8.4) Armour
 + Level 8.9(8.5) Shields
 - Level 3.0(2.7) Spellcasting
 * Level 1.6(1.3) Conjurations
 - Level 5.1(4.8) Poison Magic
 - Level 5.0(4.6) Invocations


You had 15 spell levels left.
You knew the following spells:

 Your Spells              Type           Power        Failure   Level  Hunger
a - Sting                 Conj/Pois      #...         19%         1    ##.....


Dungeon Overview and Level Annotations

Branches:
Dungeon (10/15)               Orc (0/2) D:10
 Temple: D:4-7         Lair: D:8-11

Altars:
Cheibriados

Shops:
D:5 [

Annotations:
D:4 exclusion: player ghost, PhoneixS's ghost, novice HaSk


Innate Abilities, Weirdness & Mutations

You possess an exceptional clarity of mind.
You are somewhat resistant to further mutation.
Your muscles are strong. (Str +2)


Message History

Your orc hits the tengu reaver with a falchion.
Your orc warrior hits the tengu reaver with a club!
You closely miss the tengu reaver.
The tengu reaver is heavily wounded.
The tengu reaver hits you with a great mace!!
* * * LOW HITPOINT WARNING * * *
You block the tengu reaver's attack. The tengu reaver claws you.
* * * LOW HITPOINT WARNING * * *
Your orc barely misses the tengu reaver.
Your orc warrior hits the tengu reaver with a club!
Your orc misses the tengu reaver.
Your orc warrior closely misses the tengu reaver.
The tengu reaver hits your orc with a great mace!!
Your orc dies!
Your orc warrior hits the tengu reaver with a club.
The tengu reaver hits you with a great mace!
* * * LOW HITPOINT WARNING * * *
The tengu reaver pecks you but does no damage.
The tengu reaver claws you.
You die...

# # #. .# #.###.######
# #...##....####.#
###†##.....#....######
#..))........# #.....
#..o*Q.....# #.....
#....@.....######.....
#.........).).........
#.......<..###########
#..........#
#..........#
############


You could see a tengu reaver, a battlesphere and a friendly orc warrior.

Vanquished Creatures
  2 two-headed ogres
  A wolf spider (D:8)
  2 trolls
  4 hogs (D:7)
  A human (D:7)
  Eustachio (D:5)
  4 yaks (D:10)
  Menkaure (D:4)
  A water moccasin (D:10)
  Duvessa (D:7)
  3 ice beasts
  5 orc warriors
  A sky beast (D:9)
  A phantom (D:8)
  6 ogres
  A black bear (D:8)
  3 centaurs
  5 bullfrogs
  A gnoll sergeant (D:4)
  Dowan (D:7)
  3 scorpions
  A water moccasin zombie (D:6)
  3 killer bees (D:9)
  A wight (D:10)
  3 howler monkeys
  4 crimson imps
  A bullfrog zombie (D:10)
  6 hounds
  11 orc priests
  4 jellies
  3 orc wizards
  2 bullfrog skeletons
  4 iguanas
  10 worker ants
  A killer bee zombie (D:6)
  3 gnolls (D:4)
  6 adders
  A shadow imp (D:8)
  An ooze (D:6)
  2 adder skeletons
  4 worms
  3 dart slugs
  A leopard gecko (D:1)
  20 orcs
  6 bats
  7 giant cockroaches
  19 goblins
  12 hobgoblins
  7 jackals
  2 quokkas
  3 ball pythons
  8 frilled lizards
  A jackal skeleton (D:7)
  5 kobolds
  A leopard gecko zombie (D:8)
  9 rats
223 creatures vanquished.

Vanquished Creatures (collateral kills)
  2 yaks (D:10)
  3 wights (D:10)
  An orc priest (D:10)
  An adder (D:10)
  An orc (D:10)
  A quokka (D:10)
9 creatures vanquished.

Vanquished Creatures (others)
  An orc warrior (D:10)
  An orc priest (D:10)
  An orc wizard (D:10)
  An ooze (D:3)
  An adder skeleton (D:3)
  7 orcs
  2 giant cockroaches (D:3)
  A goblin (D:3)
  A kobold (D:3)
16 creatures vanquished.

Grand Total: 248 creatures vanquished

Notes
Turn   | Place    | Note
-------+----------+-------------------------------------------
     0 | D:1      | Harpaggios the Hill Orc Fighter began the quest for the Orb.
     0 | D:1      | Reached XP level 1. HP: 19/19 MP: 1/1
   106 | D:1      | Reached XP level 2. HP: 21/27 MP: 2/2
   108 | D:1      | Reached skill level 3 in Axes
   496 | D:1      | Reached XP level 3. HP: 33/33 MP: 3/3
  1315 | D:2      | Found a faded altar of an unknown god.
  1473 | D:2      | Reached XP level 4. HP: 40/40 MP: 4/4
  2381 | D:3      | Became a worshipper of Beogh the Brigand
  2382 | D:3      | You fall through a shaft!
  2421 | D:4      | Reached skill level 4 in Axes
  2421 | D:4      | Reached XP level 5. HP: 18/47 MP: 5/5
  2659 | D:4      | Noticed PhoneixS's ghost (novice HaSk)
  2843 | D:3      | Found a snail-covered altar of Cheibriados.
  2879 | D:3      | Reached skill level 5 in Fighting
  3338 | D:3      | Reached XP level 6. HP: 56/56 MP: 6/6
  3785 | D:4      | Reached * piety under Beogh
  3785 | D:4      | Reached skill level 1 in Invocations
  3804 | D:4      | Reached skill level 5 in Axes
  3866 | D:4      | Reached skill level 5 in Shields
  3866 | D:4      | Reached XP level 7. HP: 32/61 MP: 8/8
  4069 | D:4      | Reached skill level 5 in Armour
  4078 | D:4      | Noticed Menkaure
  4087 | D:4      | Killed Menkaure
  4838 | D:4      | Reached skill level 6 in Axes
  5153 | D:5      | Entered Level 5 of the Dungeon
  5374 | D:5      | Reached XP level 8. HP: 59/70 MP: 10/10
  6064 | D:5      | Noticed Eustachio
  6089 | D:5      | Killed Eustachio
  6375 | D:5      | Found Zecradd's Antique Armour Emporium.
  7300 | D:5      | Reached skill level 7 in Axes
  7379 | D:6      | Reached skill level 5 in Invocations
  7590 | D:5      | Bought a shiny scale mail for 231 gold pieces
  7611 | D:6      | Reached XP level 9. HP: 79/79 MP: 12/12
  7717 | D:6      | Reached ** piety under Beogh
  7721 | D:6      | Learned a level 1 spell: Sting
  7923 | D:6      | Noticed a troll
  7984 | D:5      | Killed a troll
  7984 | D:5      | Reached skill level 1 in Poison Magic
  8710 | D:6      | Reached skill level 8 in Axes
  9240 | D:7      | Reached XP level 10. HP: 65/89 MP: 13/13
  9878 | D:7      | Noticed Dowan
  9879 | D:7      | Noticed Duvessa
  9894 | D:7      | Killed Duvessa
  9902 | D:7      | Killed Dowan
 10272 | D:8      | Noticed a two-headed ogre
 10274 | D:8      | Noticed an anaconda
 10274 | D:8      | a two-headed ogre changed into an anaconda
 10275 | D:8      | Noticed a wolf spider
 10275 | D:8      | an anaconda changed into a wolf spider
 10281 | D:8      | Killed a wolf spider
 10489 | D:8      | Noticed a two-headed ogre
 10499 | D:8      | Reached skill level 9 in Axes
 10502 | D:8      | Killed a two-headed ogre
 10502 | D:8      | Reached skill level 5 in Poison Magic
 11285 | D:9      | Reached skill level 1 in Spellcasting
 11667 | D:9      | Reached *** piety under Beogh
 12174 | D:9      | Gained mutation: You are somewhat resistant to further mutation. [potion of mutation]
 12174 | D:9      | Gained mutation: You possess an exceptional clarity of mind. [potion of mutation]
 12174 | D:9      | Gained mutation: Your muscles are strong. (Str +2) [potion of mutation]
 12321 | D:10     | Entered Level 10 of the Dungeon
 12407 | D:10     | Reached XP level 11. HP: 54/97 MP: 14/14
 12597 | D:10     | Noticed a two-headed ogre
 12603 | D:10     | Killed a two-headed ogre
 12603 | D:10     | Reached skill level 10 in Axes
 12616 | D:10     | Found a staircase to the Orcish Mines.
 12895 | D:10     | Reached skill level 1 in Conjurations
 13453 | D:10     | Noticed a tengu reaver
 13475 | D:10     | HP: 1/99 [tengu reaver/great mace (11)]
 13475 | D:10     | Slain by a tengu reaver

Skill      XL: |  1  2  3  4  5  6  7  8  9 10 11 |
---------------+----------------------------------+-----
Axes           | 3 4 5 6 7 8 9 10 | 10.2
Fighting       | 4 5 6 7 8 9 |  9.7
Shields        | 4 5 6 7 8 |  8.9
Armour         | 4 5 6 7 8 |  8.8
Invocations    | 1 3 5 |  5.0
Poison Magic   | 3 5 |  5.1
Spellcasting   | 2 3 |  3.0
Conjurations   | 1 |  1.6

Action                   |  1- 3 |  4- 6 |  7- 9 | 10-12 || total
-------------------------+-------+-------+-------+-------++-------
Melee: War axe           |   134 |   101 |       |       ||   235
       Falchion          |       |     4 |       |       ||     4
       Hand axe          |       |    57 |   376 |   243 ||   676
 Fire: Hunting sling     |       |       |     3 |       ||     3
Throw: Stone             |       |     6 |       |       ||     6
 Cast: Sting             |       |       |       |    18 ||    18
Invok: Convert to Beogh  |       |     1 |       |       ||     1
       Smiting           |       |       |       |     3 ||     3
Evoke: Wand              |       |     3 |     3 |    11 ||    17
  Use: Scroll            |       |     7 |     8 |     4 ||    19
       Potion            |       |     2 |     6 |     4 ||    12
 Stab: Distracted        |       |       |       |     1 ||     1
  Eat: Chunk             |     2 |     8 |    17 |    10 ||    37
       Ration            |       |       |       |     1 ||     1
Armor: Scale mail        |    62 |    62 |   104 |    55 ||   283
       Skin              |       |       |     7 |       ||     7
Dodge: Dodged            |    38 |    44 |    93 |    88 ||   263
Block: Shield            |    58 |    84 |    74 |       ||   216
       Buckler           |       |       |    72 |    97 ||   169
